 Dungeon Crawl Stone Soup version 0.24-a0-516-g9de272bb65 (webtiles) character file.

Game seed: 9648496981357591671

274770 KristoblXynda the Fencer (level 19, -4/154 HPs)
             Began as a Red Draconian Artificer on July 20, 2019.
             Was the Champion of Yredelemnul.
             Slain by a vault warden
             ... wielding a +2 great sword of slicing
              (12 damage)
             ... on level 3 of the Vaults on July 21, 2019.
             The game lasted 02:36:17 (51234 turns).

KristoblXynda the Fencer (Red Draconian Artificer) Turns: 51234, Time: 02:36:18

Health: -4/154     AC: 20    Str: 21    XL:     19   Next: 54%
Magic:  35/35      EV: 21    Int: 25    God:    Yredelemnul [******]
Gold:   1324       SH: 19    Dex: 19    Spells: 30/42 levels left

rFire    + + +     SeeInvis +   X - +5 double sword "Aloek" {flame, Int+3}
rCold    . . .     Gourm    .   I - +5 shield {reflect}
rNeg     + + +     Faith    .   (armour unavailable)
rPois    +         Spirit   .   w - +2 hat
rElec    .         Reflect  +   R - scarf {repulsion}
rCorr    .         Harm     .   D - +0 pair of gloves of the Lich-sworn {rPois Str+5 SInv}
MR       ++...                  C - +1 pair of boots of Idealism {+Inv rF+++ Int+2 Dex+2}
Stlth    +++++++++.             U - amulet "Ofutoc" {*Slow rN+ Regen+ Dex+5 Stlth+}
HPRegen  1.75/turn              x - +5 ring of protection
MPRegen  0.24/turn              H - ring "Ragoor" {rN++ MR+ Int+2 Stlth+}

@: flying, regenerating (expiring), wreathed by umbra, repel missiles
A: breathe fire, unfitting armour, big wings, fire resistance 1, mutation
resistance 1, poison resistance, cold-blooded, MP-powered wands, AC +10
}: 2/15 runes: barnacled, gossamer
a: Breathe Fire, Stop Flying, Recall Undead Slaves, Injury Mirror, Animate Dead,
Drain Life, Enslave Soul, Renounce Religion, Evoke Invisibility


You were on level 3 of the Vaults.
You worshipped Yredelemnul.
Yredelemnul was exalted by your worship.
You were not hungry.

You visited 7 branches of the dungeon, and saw 35 of its levels.
You visited 1 bazaar.
You also visited: Trove, Ossuary, Bailey, Gauntlet and Ice Cave.

You collected 4616 gold pieces.
You spent 3292 gold pieces at shops.

Inventory:

Hand Weapons
 X - the +5 double sword "Aloek" (weapon) {flame, Int+3}
   (You found it in a treasure trove)

   It has been specially enchanted to burn those struck by it, causing extra
   injury to most foes and up to half again as much damage against particularly
   susceptible opponents.
   Big, fiery blades are also staple armaments of hydra-hunters.
   It affects your intelligence (+3).
Missiles
 L - 8 throwing nets (quivered)
Armour
 w - a +2 hat (worn)
 C - the +1 pair of boots of Idealism (worn) {+Inv rF+++ Int+2 Dex+2}
   (You acquired it on level 5 of the Dungeon)

   It affects your intelligence (+2).
   It affects your dexterity (+2).
   It renders you almost immune to fire.
   It lets you turn invisible.
 D - the +0 pair of gloves of the Lich-sworn (worn) {rPois Str+5 SInv}
   (You found it on level 2 of the Shoals)

   It affects your strength (+5).
   It protects you from poison.
   It lets you see invisible.
 I - a +5 shield of reflection (worn)
 R - a scarf of repulsion (worn)
 W - the +0 pair of gloves of the Ditch-Digger {rElec rPois MR+}
   (You found it on level 4 of the Shoals)

   It insulates you from electricity.
   It protects you from poison.
   It affects your resistance to hostile enchantments.
Jewellery
 h - the ring "Yfufot" {Fire rN+ Dex+4 SInv}
   (You found it in a Gauntlet)

   [ring of fire]

   It enhances your fire magic.
   It affects your dexterity (+4).
   It protects you from fire.
   It makes you vulnerable to cold.
   It protects you from negative energy.
   It lets you see invisible.
 x - a +5 ring of protection (left hand)
 y - a +3 ring of slaying
 B - a +4 ring of intelligence
 H - the ring "Ragoor" (right hand) {rN++ MR+ Int+2 Stlth+}
   (You found it in a Gauntlet)

   [ring of stealth]

   It affects your intelligence (+2).
   It greatly protects you from negative energy.
   It affects your resistance to hostile enchantments.
   It makes you more stealthy.
 Q - the ring "Dinoenling" {MR+ Int+3 Dex+2}
   (You found it on level 1 of the Vaults)

   [ring of protection from magic]

   It affects your intelligence (+3).
   It affects your dexterity (+2).
   It affects your resistance to hostile enchantments.
 T - an uncursed ring of protection from cold
 U - the amulet "Ofutoc" (around neck) {*Slow rN+ Regen+ Dex+5 Stlth+}
   (You bought it in a shop on level 3 of the Shoals)

   [amulet of regeneration]

   It affects your dexterity (+5).
   It protects you from negative energy.
   It increases your rate of regeneration.
   It may slow you when you take damage.
   It makes you more stealthy.
 V - the ring of Uddyiwn {-Tele Str+3 Int+3 Dex+3 Stlth+}
   (You found it on level 4 of the Shoals)

   [ring of dexterity]

   It affects your strength (+3).
   It affects your intelligence (+3).
   It affects your dexterity (+3).
   It prevents most forms of teleportation.
   It makes you more stealthy.
Wands
 c - a wand of clouds (1)
 d - a wand of acid (11)
 u - a wand of disintegration (10)
 E - a wand of iceblast (10)
 F - a wand of digging (17)
Scrolls
 g - 2 scrolls of enchant armour
 i - a scroll of summoning
 k - 2 scrolls of magic mapping
 l - 7 scrolls of amnesia
 m - 4 scrolls of fog
 n - 17 scrolls of remove curse
 p - 16 scrolls of identify
 G - 10 scrolls of teleportation
 N - 3 scrolls of immolation
 O - a scroll of blinking
Potions
 b - a potion of mutation
 e - 4 potions of resistance
 j - 4 potions of agility
 o - 3 potions of heal wounds
 q - 9 potions of brilliance
 r - 3 potions of magic
 s - 3 potions of ambrosia
 v - 4 potions of lignification
 z - 7 potions of haste
 A - 10 potions of curing
 J - 7 potions of might
 K - 4 potions of invisibility
 M - 2 potions of cancellation
Miscellaneous
 a - a lamp of fire
 t - a phial of floods
 P - a crystal ball of energy
 S - a phantom mirror
Comestibles
 f - 40 rations


   Skills:
 - Level 10.0 Fighting
   Level 5.0(11.2) Short Blades
 + Level 15.0(15.3) Long Blades
 - Level 11.5 Dodging
 - Level 5.3 Stealth
 + Level 13.3 Shields
 + Level 12.2 Spellcasting
 - Level 3.4 Hexes
 - Level 9.2 Charms
 + Level 9.6 Summonings
 - Level 10.3 Invocations
 - Level 12.4 Evocations


You had 30 spell levels left.
You knew the following spells:

 Your Spells              Type           Power        Failure   Level  Hunger
a - Summon Butterflies    Summ           ######..     1%          1    None
b - Spectral Weapon       Hex/Chrm       #####...     1%          3    None
c - Regeneration          Chrm/Necr      #####.....   2%          3    None
d - Summon Forest         Summ/Tloc      #####.....   19%         5    ###....

Your spell library contained the following spells:

 Spells                   Type           Power        Failure   Level  Hunger
 Corona                   Hex            ####...      1%          1    None
 Infusion                 Chrm           ####         1%          1    None
 Shroud of Golubria       Chrm/Tloc      #####.       1%          2    None
 Slow                     Hex            ####....     1%          2    None
 Song of Slaying          Chrm           ######..     1%          2    None
 Recall                   Summ/Tloc      N/A          1%          3    None
 Aura of Abjuration       Summ           ######....   2%          5    ###....
 Summon Demon             Summ           ######....   2%          5    ###....
 Tukima's Dance           Hex            ####....     3%          3    None
 Apportation              Tloc           ###...       4%          1    None
 Beastly Appendage        Tmut           ###...       4%          1    None
 Sandblast                Erth           ###...       4%          1    None
 Inner Flame              Hex/Fire       ###.....     7%          3    None
 Portal Projectile        Hex/Tloc       ###...       7%          3    None
 Poisonous Vapours        Pois/Air       ###...       8%          2    None
 Summon Mana Viper        Hex/Summ       #####...     10%         5    ###....
 Cause Fear               Hex            ####......   12%         4    None
 Conjure Flame            Conj/Fire      ###.....     14%         3    None
 Lesser Beckoning         Tloc           ###.......   14%         3    None
 Mephitic Cloud           Conj/Pois/Air  ###.....     14%         3    None
 Stone Arrow              Conj/Erth      ###...       14%         3    None
 Shadow Creatures         Summ           N/A          14%         6    #####..
 Leda's Liquefaction      Hex/Erth       ###.......   24%         4    None
 Ice Form                 Ice/Tmut       ###.....     43%         4    None
 Metabolic Englaciation   Hex/Ice        ###.......   54%         5    ###....
 Alistair's Intoxication  Tmut/Pois      ###.....     80%         5    ###....
 Invisibility             Hex            ####....     88%         6    #####..
 Ring of Flames           Chrm/Fire      #####.....   99%         7    ######.
 Bolt of Cold             Conj/Ice       ###.......   100%        6    #####..
 Freezing Cloud           Conj/Ice/Air   ###.......   100%        6    #####..
 Ozocubu's Refrigeration  Ice            ###.......   100%        6    #####..
 Simulacrum               Ice/Necr       ###.......   100%        6    #####..
 Statue Form              Tmut/Erth      ###......    100%        6    #####..
 Shatter                  Erth           ###.......   100%        9    #######


Dungeon Overview and Level Annotations

Branches:
Dungeon (15/15)            Temple (1/1) D:7            Lair (6/6) D:9
 Shoals (4/4) Lair:4       Spider (4/4) Lair:2        Slime (0/5) Lair:6
    Orc (2/2) D:11            Elf (0/3) Orc:2        Vaults (3/5) D:14
 Depths (0/5) D:15
  Crypt: Vaults:2-3

Altars:
Ashenzari
Cheibriados
Dithmenos
Elyvilon
Fedhas
Gozag
Hepliaklqana
Kikubaaqudgha
Makhleb
Nemelex Xobeh
Okawaru
Qazlal
Ru
Sif Muna
Trog
Uskayaw
Vehumet
Wu Jian
Xom
Yredelemnul
Zin
The Shining One
Beogh

Shops:
D:4 *   D:13 !   D:14 !((*   Orc:1 }   Orc:2 :*([   Shoals:3 }*?   Vaults:2 (

Annotations:
Lair:5 3 runed translucent doors, Inarius's ghost, adept DsAK


Innate Abilities, Weirdness & Mutations

You can breathe blasts of fire.
Your fiery red scales are hard. (AC +10)
You cannot fit into any form of body armour.
Your flesh is heat resistant. (rF+)
You are cold-blooded and may be slowed by cold attacks.
Your large and strong wings let you fly indefinitely.
You are somewhat resistant to further mutation.
Your system is resistant to poisons. (rPois)
You expend magic power (3 MP) to strengthen your wands.


Message History

The yaktaur captain moves out of view.
Unknown command.
A vault warden opens the door.
The ironbrand convoker hits something with a +0 great mace!
The yaktaur captain shouts!
A freezing wraith comes into view.
Unknown command.
Unknown command.
You swap places.
An ogre comes into view. It is wielding a +0 giant club.
Your profane servitor hits the ironbrand convoker with a +1 demon whip of venom!!
Your profane servitor draws strength from the ironbrand convoker's injuries!
The ironbrand convoker is poisoned.
Your profane servitor hits the ironbrand convoker with a +1 demon whip of venom!
Your profane servitor drains the ironbrand convoker.
The ironbrand convoker looks as sick as possible!
The vault warden hits you with a +2 great sword of slicing!!!
* * * LOW HITPOINT WARNING * * *
You die...
Your body rises from the dead as a mindless zombie.

#### ...# .#.# ...#
############# ...#
#Vnn.AD.....#...# ...#####
#n###@#####.#...# ...#...#
#A#.#pA)..#.#...+ ...#...#
#.#.#p#####.#...#
...'...#####.#?#cW #.#...#
))n#...#..[#.#+#cW #+#.#...#
.#)#.)Vn...D.# .W.O#$#.#...#
))n#.Z.#...#.#####.#.#.AA..#
..)n.D.#####.#..$+.#.#A#A..#
..n#.))# #.#########V#An.#


You could see a vault warden, a yaktaur captain, an eidolon, a shadow wraith
(invisible), an ironbrand convoker, a yaktaur, a freezing wraith, an ogre, a
friendly bone dragon, 2 friendly profane servitors, 2 friendly ghouls and a
friendly vampire.

Vanquished Creatures
  The ghost of namelastname112 the Covert, an adept DrAs of Gozag (Shoals:2)
  Rupert (Spider:1)
  Kirke (D:15)
  A revenant (Vaults:1)
  3 vault wardens
  2 emperor scorpions
  An orc warlord (Orc:2)
  A ghoul (Orc:1)
  2 ironheart preservers (Vaults:1)
  The ghost of mopl the Cleaver, a journeyman HuGl of Uskayaw (Lair:6)
  2 stone giants
  4 entropy weavers
  Nessos (Lair:5)
  A minotaur (Gauntlet)
  2 merfolk javelineers
  The ghost of Azzok the Cleaver, a journeyman FoFi of Okawaru (D:12)
  Snorg (Lair:3)
  An eidolon (Vaults:1)
  2 ettins
  Josephine (Shoals:1)
  4 merfolk impalers
  Fannar (Lair:1)
  9 hydras
  3 ogre magi
  A rakshasa (Vaults:2)
  A merfolk aquamancer (Shoals:4)
  2 ghost crabs (D:13)
  15 two-headed ogres
  3 tengu warriors
  3 death yaks
  A satyr (Shoals:3)
  4 centaur warriors
  3 death scarabs (Spider:4)
  Urug (D:10)
  4 orc high priests (Orc:2)
  2 shadow wraiths
  A sixfirhy (Gauntlet)
  A fire crab (shapeshifter) (Vaults:1)
  2 deep elf knights
  A sea snake (Shoals:3)
  4 fire crabs (D:13)
  4 ironbrand convokers
  2 deep trolls (Vaults:1)
  4 wizards
  2 harpies
  3 phantasmal warriors (Vaults:1)
  13 orc knights
  11 wolf spiders
  5 fauns
  A necromancer (Vaults:1)
  3 orb spiders
  7 ugly things
  5 orc sorcerers
  A shining eye (shapeshifter) (D:14)
  2 manticores
  A wolf spider zombie (Spider:4)
  4 cyclopes
  Maurice (Orc:1)
  A black mamba (Lair:1)
  8 merfolk sirens
  4 moths of wrath
  Joseph (D:10)
  A black mamba (shapeshifter) (D:15)
  2 elephants (Lair:5)
  An apocalypse crab (D:13)
  4 vault sentinels
  An ice statue (IceCv)
  2 water nymphs
  7 spiny frogs
  A torpor snail (Lair:3)
  2 gargoyles
  2 kobold demonologists (D:14)
  2 komodo dragons
  3 rime drakes
  4 demonic crawlers
  9 yaktaurs
  3 spectral redbacks (Spider:4)
  2 freezing wraiths
  A redback zombie (D:14)
  A tengu conjurer (D:15)
  17 polar bears
  13 jumping spiders
  14 merfolk
  2 meliai (Shoals:3)
  2 wind drakes
  6 trolls
  5 slime creatures
  7 hornets
  A spectral jumping spider (Spider:4)
  A raiju (Gauntlet)
  16 blink frogs
  4 snapping turtles
  A blink frog (shapeshifter) (D:11)
  6 hippogriffs
  7 dream sheep
  2 human simulacra (Vaults:3)
  A flying skull (D:13)
  31 redbacks
  A tarantella zombie (Spider:4)
  17 tarantellas
  7 wraiths
  11 spriggans
  Sigmund (D:3)
  2 shadows
  A basilisk (Lair:3)
  2 water elementals (Shoals:4)
  3 wyverns
  2 yaks (shapeshifter) (Vaults:1)
  39 yaks
  A hog (D:15)
  A steam dragon (Gauntlet)
  5 vampire mosquitoes
  Menkaure (D:5)
  8 wargs
  The ghost of Tenar the Skirmisher, an amateur GrFi (D:3)
  Edmund (D:6)
  3 acid dragons
  12 water moccasins
  A soldier ant (D:11)
  5 porcupines
  5 sky beasts
  A swamp drake (D:9)
  4 ice beasts
  An eye of draining (shapeshifter) (Vaults:2)
  17 ogres
  3 black bears
  A necrophage (D:11)
  34 orc warriors
  5 phantoms
  2 boggarts (Lair:6)
  31 wolves
  6 centaurs
  10 crocodiles
  An elf simulacrum (Vaults:1)
  Blork the orc (D:5)
  17 bullfrogs
  4 gnoll sergeants
  2 wyvern skeletons
  6 scorpions
  3 yak zombies (D:14)
  A yak skeleton (D:11)
  3 killer bees (D:8)
  A spriggan zombie (Lair:6)
  A wight (D:3)
  2 electric eels
  A wolf zombie (IceCv)
  A crimson imp (D:4)
  A wolf skeleton (IceCv)
  3 bullfrog zombies
  6 centaur zombies
  5 hounds
  5 centaur skeletons
  A human zombie (D:10)
  3 jellies
  13 orc priests
  18 orc wizards
  Crazy Yiuf (D:3)
  Jessica (D:3)
  A gnoll shaman (D:9)
  4 iguanas
  7 worker ants
  2 big kobold zombies (Ossuary)
  A necrophage skeleton (D:11)
  Robin (D:3)
  5 mummies (Ossuary)
  A worker ant zombie (D:5)
  11 adders
  8 gnolls
  2 shadow imps
  2 white imps (D:13)
  3 ufetubi (Gauntlet)
  4 oozes
  An adder skeleton (D:8)
  3 worms
  A dart slug (D:5)
  3 leopard geckos
  82 orcs
  4 ball pythons
  15 bats
  8 giant cockroaches
  A gnoll zombie (Ossuary)
  20 goblins
  15 hobgoblins
  8 jackals
  4 quokkas
  7 frilled lizards
  2 hobgoblin zombies (Ossuary)
  13 kobolds
  A kobold zombie (Ossuary)
  3 orc zombies
  2 quokka skeletons
  6 rats
  A plant (Shoals:1)
961 creatures vanquished.

Vanquished Creatures (collateral kills)
  The ghost of Faedia the Fighter, an adept GnWn of Okawaru (Vaults:1)
  A lich (Vaults:3)
  Ilsuiw (Shoals:4)
  Donald (Orc:2)
  2 frost giants
  4 vault wardens
  A ghost moth (Spider:4)
  5 ironheart preservers
  2 emperor scorpions
  2 entropy weavers
  4 spark wasps
  A minotaur (Shoals:3)
  An ettin (Vaults:3)
  7 merfolk javelineers
  6 merfolk impalers
  A fire dragon (Vaults:1)
  5 ogre magi
  5 yaktaur captains
  A rakshasa (Vaults:3)
  2 ghost crabs (D:13)
  A hydra (D:15)
  2 centaur warriors
  4 merfolk aquamancers
  2 alligator snapping turtles
  3 merfolk avatars
  5 death scarabs (Spider:4)
  12 two-headed ogres
  A deep troll earth mage (Vaults:2)
  Sonja (D:10)
  A deep elf knight (Vaults:1)
  A fire crab (D:13)
  7 deep trolls
  A spectral emperor scorpion (Spider:4)
  5 sea snakes
  3 unseen horrors
  A wizard (Vaults:3)
  2 phantasmal warriors
  A spectral wolf spider (Spider:4)
  2 wolf spider zombies (Spider:4)
  A deep elf mage (D:15)
  A necromancer (Vaults:3)
  11 orb spiders
  2 harpies (Shoals:2)
  A fire giant zombie (Vaults:1)
  14 ugly things
  11 orc knights
  10 fauns
  3 orc sorcerers
  23 wolf spiders
  A moth of wrath (Shoals:2)
  3 cyclopes
  7 manticores
  A moth of wrath (shapeshifter) (Vaults:1)
  7 slime creatures
  6 elephants
  A human skeleton (Vaults:1)
  A centaur zombie (D:13)
  4 water nymphs
  6 merfolk sirens
  6 vault sentinels
  2 torpor snails
  A black mamba (Lair:6)
  A spiny frog (Lair:1)
  A death yak zombie (IceCv)
  3 spectral redbacks (Spider:4)
  2 freezing wraiths
  A human zombie (Vaults:1)
  6 komodo dragons
  11 demonic crawlers
  13 yaktaurs
  17 merfolk
  A polar bear (IceCv)
  5 meliai
  24 jumping spiders
  A spectral jumping spider (Spider:4)
  2 trolls
  A spectral tarantella (Spider:4)
  3 hornets (Spider:4)
  3 tarantella zombies (Spider:4)
  3 jumping spider zombies (Spider:4)
  8 snapping turtles
  3 dream sheep
  14 blink frogs
  3 hippogriffs
  5 water elementals
  A redback (shapeshifter) (D:12)
  5 spriggans (Lair:6)
  13 tarantellas
  44 redbacks
  A vampire (D:11)
  3 yaks
  2 hogs (D:15)
  3 wraiths (Vaults:1)
  2 basilisks
  A golden eye (shapeshifter) (Vaults:1)
  A vampire mosquito (D:15)
  2 wargs (Orc:2)
  A water moccasin (Lair:4)
  3 porcupines
  An ice beast (D:13)
  A phantom (D:9)
  An elf zombie (Vaults:1)
  21 orc warriors
  An eye of draining (D:11)
  16 wolves
  A boggart (Lair:6)
  2 centaurs
  6 ogres
  3 crocodiles
  3 bullfrogs
  A glowing shapeshifter simulacrum (Vaults:3)
  2 electric eels
  A crimson imp (D:15)
  A wyvern simulacrum (D:13)
  5 orc priests
  3 orc wizards
  3 centaur skeletons
  A bullfrog simulacrum (D:13)
  2 mummies (Ossuary)
  A gnoll (D:3)
  An adder (D:11)
  An ufetubus (D:13)
  20 orcs
  24 fungi
  32 plants
598 creatures vanquished.

Vanquished Creatures (others)
  A profane servitor (Vaults:1)
  A ghoul (Vaults:1)
  2 vampire knights
  4 skeletal warriors (Spider:4)
  An entropy weaver zombie (D:13)
  2 flayed ghosts (Spider:4)
  7 phantasmal warriors
  A faun (Shoals:2)
  A death yak zombie (D:13)
  5 redback zombies
  A demonic crawler zombie (Spider:2)
  2 sea snake zombies (Shoals:4)
  A yaktaur (Vaults:2)
  2 minotaur skeletons (D:13)
  A death yak skeleton (IceCv)
  A polar bear (IceCv)
  3 jumping spider zombies
  2 meliai zombies (Shoals:3)
  7 flying skulls
  9 vampires
  2 yaks (IceCv)
  4 wraiths
  A warg (Orc:1)
  A faun zombie (Shoals:2)
  8 merfolk zombies
  A two-headed ogre zombie (D:14)
  A dream sheep zombie (Lair:6)
  A merfolk skeleton (Shoals:3)
  A hornet zombie (Lair:6)
  A ghost crab zombie (D:13)
  An elephant zombie (Shoals:3)
  An ogre (Orc:1)
  A manticore zombie (Shoals:3)
  A blink frog zombie (Lair:6)
  A dream sheep skeleton (Shoals:3)
  4 wolves (IceCv)
  2 snapping turtle skeletons (Shoals:4)
  A rime drake zombie (Lair:3)
  A blink frog skeleton (Lair:6)
  2 human zombies (Vaults:1)
  3 vampire mosquito zombies
  3 fire crab zombies (D:13)
  A komodo dragon skeleton (D:13)
  A yaktaur skeleton (Vaults:1)
  A hippogriff skeleton (D:10)
  A water moccasin zombie (Lair:2)
  3 polar bear zombies (IceCv)
  A warg zombie (Orc:2)
  7 yak zombies
  A warg skeleton (Orc:2)
  2 wights (D:13)
  5 troll skeletons
  2 polar bear skeletons (IceCv)
  4 yak skeletons
  11 wolf zombies
  2 centaur zombies
  A bullfrog zombie (D:10)
  3 centaur skeletons (D:13)
  2 bullfrog skeletons
  An orc wizard (Orc:1)
  A porcupine zombie (Lair:3)
  A crocodile zombie (D:14)
  An ogre zombie (Orc:2)
  A deep dwarf skeleton (D:13)
  A mummy (Ossuary)
  2 scorpion zombies (D:13)
  An adder zombie (D:11)
  2 orcs (Bailey)
  A gnoll zombie (D:9)
  11 orc zombies
  A quokka zombie (D:11)
  30 fungi
  12 plants
210 creatures vanquished.

Grand Total: 1769 creatures vanquished

Notes
Turn   | Place    | Note
-------+----------+-------------------------------------------
     0 | D:1      | KristoblXynda the Draconian Artificer began the quest for
                  | the Orb.
     0 | D:1      | Reached XP level 1. HP: 16/16 MP: 3/3
   111 | D:1      | Reached skill level 1 in Stealth
   207 | D:1      | Reached XP level 2. HP: 19/23 MP: 4/4
   439 | D:1      | Reached XP level 3. HP: 27/28 MP: 5/5
  1973 | D:3      | Found a runed translucent door.
  1974 | D:3      | Noticed Crazy Yiuf
  1990 | D:3      | Reached XP level 4. HP: 35/35 MP: 6/6
  2063 | D:3      | Noticed Sigmund
  2083 | D:3      | Killed Sigmund
  2083 | D:3      | Reached XP level 5. HP: 17/40 MP: 6/8
  2571 | D:3      | Noticed Robin
  2645 | D:3      | Killed Robin
  2704 | D:3      | Reached XP level 6. HP: 35/47 MP: 9/9
  2867 | D:3      | Found a transporter.
  2869 | D:3      | Found a transporter.
  2870 | D:3      | Noticed Tenar's ghost (amateur GrFi)
  3210 | D:3      | Noticed Jessica
  3217 | D:3      | Killed Jessica
  3778 | D:3      | Killed Crazy Yiuf
  4014 | D:4      | Found a sand-covered staircase.
  4026 | Ossuary  | Entered an ossuary
  4603 | D:4      | Your scales start taking on a fiery red colour.
  4603 | D:4      | Reached XP level 7. HP: 48/52 MP: 10/10
  4603 | D:4      | Gained mutation: Your flesh is heat resistant. (rF+) [Red
                  | Draconian growth]
  4630 | D:4      | Found Ytwaph's Assorted Antiques.
  4635 | D:4      | Bought a jade ring for 105 gold pieces
  4635 | D:4      | Bought a scroll labeled GEKKUO TOYZUYM for 21 gold pieces
  4668 | D:4      | Reached skill level 5 in Evocations
  5261 | D:4      | Found the +7 Singing Sword {slice, sonic wave}
  5691 | D:4      | Found a shimmering altar of Xom.
  5696 | D:4      | Found a burning altar of Makhleb.
  5862 | D:5      | Entered Level 5 of the Dungeon
  5953 | D:5      | Found a stormy altar of Qazlal.
  5999 | D:5      | Reached skill level 5 in Short Blades
  5999 | D:5      | Reached XP level 8. HP: 59/59 MP: 12/12
  6000 | D:5      | Noticed Menkaure
  6009 | D:5      | Killed Menkaure
  6009 | D:5      | Reached skill level 1 in Long Blades
  6223 | D:5      | Reached skill level 5 in Dodging
  6232 | D:5      | Found a shadowy altar of Dithmenos.
  6237 | D:5      | Found a deep blue altar of Sif Muna.
  6245 | D:5      | Found a basalt altar of Yredelemnul.
  6254 | D:5      | Became a worshipper of Yredelemnul the Dark
  6469 | D:5      | Reached skill level 2 in Long Blades
  6620 | D:5      | Noticed Blork the orc
  6636 | D:5      | Reached skill level 1 in Invocations
  6775 | D:5      | Killed Blork the orc
  6775 | D:5      | Reached skill level 3 in Long Blades
  6786 | D:5      | Identified a scroll of acquirement
  7076 | D:5      | Got a pair of jewelled boots
  7082 | D:5      | Identified the +1 pair of boots of Idealism {+Inv rF+++
                  | Int+2 Dex+2} (You acquired it on level 5 of the Dungeon)
  7394 | D:6      | Reached skill level 4 in Long Blades
  7424 | D:6      | Noticed Edmund
  7433 | D:6      | Killed Edmund
  7433 | D:6      | Reached XP level 9. HP: 41/64 MP: 12/14
  8037 | D:3      | Killed Tenar's ghost
  8037 | D:3      | Reached skill level 5 in Long Blades
  8170 | D:7      | Found a bloodstained altar of Trog.
  8441 | D:7      | Found an opulent altar of Gozag.
  8737 | D:7      | Found a staircase to the Ecumenical Temple.
  8747 | Temple   | Entered the Ecumenical Temple
  9102 | D:8      | Reached skill level 6 in Long Blades
  9281 | D:8      | Found a hazy altar of Hepliaklqana.
  9312 | D:8      | Found an ancient bone altar of Kikubaaqudgha.
  9351 | D:8      | Reached * piety under Yredelemnul
  9684 | D:8      | Reached skill level 7 in Long Blades
  9684 | D:8      | Reached skill level 5 in Invocations
 10548 | D:9      | Reached XP level 10. HP: 71/71 MP: 15/15
 10583 | D:9      | Found a flagged portal.
 10588 | D:9      | Reached ** piety under Yredelemnul
 10626 | Bailey   | Entered a bailey
 11158 | Bailey   | Noticed an orc knight
 11251 | Bailey   | Killed an orc knight
 11251 | Bailey   | Reached skill level 8 in Long Blades
 11517 | Bailey   | Noticed an orc knight
 11517 | Bailey   | Noticed an orc knight
 11561 | Bailey   | Noticed an orc knight
 11571 | Bailey   | HP: 3/106 [orc knight/+0 glaive (24)]
 11583 | Bailey   | Killed an orc knight
 11584 | Bailey   | Killed an orc knight
 11810 | Bailey   | Noticed an orc knight
 11813 | Bailey   | Killed an orc knight
 11893 | Bailey   | Killed an orc knight
 11893 | Bailey   | Reached skill level 9 in Long Blades
 12121 | D:9      | HP: 1/71 [orc priest/divine providence (9)]
 12470 | D:9      | Reached *** piety under Yredelemnul
 12652 | D:9      | Reached XP level 11. HP: 62/81 MP: 17/17
 13427 | D:9      | Found a staircase to the Lair.
 13579 | D:10     | Entered Level 10 of the Dungeon
 13733 | D:10     | Noticed Joseph
 13739 | D:10     | Killed Joseph
 13984 | D:10     | Noticed Sonja
 13990 | D:10     | Killed Sonja
 13990 | D:10     | Reached skill level 10 in Long Blades
 13993 | D:10     | Your ally Joseph died
 14347 | D:10     | Noticed Urug
 14360 | D:10     | Killed Urug
 14700 | D:11     | Reached **** piety under Yredelemnul
 14734 | D:11     | Found a basalt altar of Yredelemnul.
 15243 | D:11     | Found a portal to a secret trove of treasure.
 15285 | D:11     | Found a staircase to the Orcish Mines.
 15324 | D:11     | Reached skill level 5 in Fighting
 15324 | D:11     | Reached skill level 10 in Evocations
 15948 | D:11     | Received a gift from Yredelemnul (4 flying skulls)
 16143 | D:11     | Noticed a red ugly thing
 16152 | D:11     | Killed a red ugly thing
 16306 | D:12     | Received a gift from Yredelemnul (2 flying skulls)
 16464 | D:12     | Noticed Azzok's ghost (journeyman FoFi)
 16469 | D:12     | Found a runed translucent door.
 16686 | D:12     | Killed Azzok's ghost
 16686 | D:12     | Reached XP level 12. HP: 43/94 MP: 19/19
 16687 | D:12     | Received a gift from Yredelemnul (2 flying skulls)
 17224 | D:12     | Got a glittering brass ring
 17608 | D:13     | Received a gift from Yredelemnul (a wight)
 17684 | D:13     | Found a frozen archway.
 17696 | IceCv    | Entered an ice cave
 17697 | IceCv    | Identified the ring "Ubonyas" {Wiz rF+} (You found it on
                  | level 12 of the Dungeon)
 17874 | IceCv    | Reached skill level 11 in Long Blades
 19298 | IceCv    | Reached skill level 10 in Invocations
 19837 | IceCv    | Received a gift from Yredelemnul (a vampire)
 19837 | IceCv    | Noticed a death yak
 19854 | IceCv    | Killed a death yak
 19857 | IceCv    | Reached skill level 5 in Stealth
 20507 | IceCv    | Noticed a death yak
 20507 | IceCv    | Noticed a frost giant
 20549 | IceCv    | Killed a death yak
 20747 | IceCv    | Killed a frost giant
 21107 | D:13     | Noticed a death yak
 21110 | D:13     | Noticed a four-headed hydra
 21146 | D:13     | Killed a death yak
 21147 | D:13     | Received a gift from Yredelemnul (a wraith)
 21152 | D:13     | Killed a one-headed hydra
 21345 | D:13     | Received a gift from Yredelemnul (a wight)
 21518 | D:13     | Reached XP level 13. HP: 90/102 MP: 20/20
 21597 | D:13     | Found a runed translucent door.
 21953 | D:13     | Found Wuodgh's Distillery.
 22386 | D:13     | Noticed an entropy weaver
 22401 | D:13     | Killed an entropy weaver
 22401 | D:13     | Reached skill level 12 in Long Blades
 22707 | D:13     | Noticed an entropy weaver
 22717 | D:13     | Killed an entropy weaver
 23381 | D:13     | Noticed an entropy weaver
 23391 | D:13     | Killed an entropy weaver
 23837 | D:13     | Noticed an entropy weaver
 23850 | D:13     | Killed an entropy weaver
 23908 | D:13     | Paralysed by you for 2 turns
 24446 | D:14     | Found a gate to the Vaults.
 24650 | D:14     | Found Zamyal's Antique Weapon Emporium.
 24747 | D:14     | Bought a glowing demon blade for 396 gold pieces
 24823 | D:14     | Reached ***** piety under Yredelemnul
 24853 | D:14     | Found Sicolexih's Assorted Antiques.
 24862 | D:14     | Bought a blackened bronze ring for 125 gold pieces
 24862 | D:14     | Bought a scroll labeled ASTUON YT UNIS for 25 gold pieces
 24862 | D:14     | Bought a scroll of identify for 50 gold pieces
 24864 | D:14     | Found Efacluc's Weapon Boutique.
 25007 | D:14     | Found a shadowy altar of Dithmenos.
 25156 | D:14     | Reached XP level 14. HP: 96/116 MP: 22/22
 25725 | D:14     | Gained mutation: You are frail. (-10% HP) [a shining eye]
 25729 | D:14     | Lost mutation: You are frail. (-10% HP) [potion of
                  | mutation]
 25729 | D:14     | Gained mutation: You expend magic power (3 MP) to
                  | strengthen your wands. [potion of mutation]
 25729 | D:14     | Gained mutation: Your system is resistant to poisons.
                  | (rPois) [potion of mutation]
 25729 | D:14     | Gained mutation: Your large and strong wings let you fly
                  | indefinitely. [potion of mutation]
 25729 | D:14     | Gained mutation: You are somewhat resistant to further
                  | mutation. [potion of mutation]
 25749 | D:14     | Found Qauraschu's Distillery.
 25772 | D:15     | Entered Level 15 of the Dungeon
 25863 | D:15     | Reached skill level 13 in Long Blades
 26068 | D:15     | Noticed Kirke
 26090 | D:15     | Killed Kirke
 26224 | D:15     | Received a gift from Yredelemnul (a wraith)
 26244 | D:15     | Found a staircase to the Depths.
 27228 | Lair:1   | Entered Level 1 of the Lair of Beasts
 27505 | Lair:1   | Noticed Fannar
 27515 | Lair:1   | Killed Fannar
 28509 | Lair:2   | Found a hole to the Spider Nest.
 28541 | Lair:2   | Received a gift from Yredelemnul (a phantasmal warrior)
 28880 | Lair:2   | Reached skill level 10 in Dodging
 29450 | Lair:3   | Received a gift from Yredelemnul (a phantasmal warrior)
 29717 | Lair:3   | Reached skill level 10 in Fighting
 29939 | Lair:3   | Noticed Snorg
 29947 | Lair:3   | Killed Snorg
 29954 | Lair:3   | Received a gift from Yredelemnul (a wraith)
 30486 | Lair:4   | Learned a level 1 spell: Summon Butterflies
 30493 | Lair:4   | Learned a level 6 spell: Invisibility
 30493 | Lair:4   | Reached XP level 15. HP: 116/126 MP: 24/24
 30520 | Lair:4   | Found a staircase to the Shoals.
 30785 | Lair:4   | Received a gift from Yredelemnul (a vampire)
 31025 | Lair:4   | Reached skill level 1 in Summonings
 31603 | Lair:5   | Reached skill level 5 in Shields
 31642 | Lair:5   | Noticed Nessos
 31659 | Lair:5   | Killed Nessos
 31805 | Lair:5   | Noticed Inarius's ghost (adept DsAK)
 31826 | Lair:5   | Received a gift from Yredelemnul (a wraith)
 32332 | Lair:5   | Found a runed translucent gate.
 32332 | Lair:5   | Found a runed translucent gate.
 32332 | Lair:5   | Found a runed translucent gate.
 32533 | Lair:6   | Entered Level 6 of the Lair of Beasts
 32717 | Lair:6   | Reached XP level 16. HP: 112/134 MP: 25/25
 32946 | Lair:6   | Reached ****** piety under Yredelemnul
 32947 | Lair:6   | Received a gift from Yredelemnul (a vampire)
 32968 | Lair:6   | Reached skill level 5 in Spellcasting
 33047 | Lair:6   | Found a staircase to the Slime Pits.
 33254 | Lair:6   | Learned a level 3 spell: Spectral Weapon
 33423 | Lair:6   | Received a gift from Yredelemnul (a vampire)
 33545 | Lair:6   | Found a runed translucent gate.
 33545 | Lair:6   | Found a runed translucent gate.
 33545 | Lair:6   | Found a runed translucent gate.
 33552 | Lair:6   | Noticed mopl's ghost (journeyman HuGl)
 33581 | Lair:6   | Killed mopl's ghost
 33581 | Lair:6   | Reached skill level 1 in Charms
 34821 | Orc:1    | Entered Level 1 of the Orcish Mines
 34827 | Orc:1    | Paralysed by an orc sorcerer for 5 turns
 35087 | Orc:1    | Found Ohiraosh's Gadget Shoppe.
 35108 | Orc:1    | Bought a lamp of fire for 400 gold pieces
 35210 | Orc:2    | Entered Level 2 of the Orcish Mines
 35216 | Orc:2    | Found a gate leading to a gauntlet.
 35232 | Gauntlet | Entered a Gauntlet
 35232 | Gauntlet | Found a large runed translucent door.
 35232 | Gauntlet | Found a large runed translucent door.
 35232 | Gauntlet | Found a large runed translucent door.
 35232 | Gauntlet | Found a large runed translucent door.
 35232 | Gauntlet | Found a runed translucent door.
 35232 | Gauntlet | Found a large runed translucent door.
 35232 | Gauntlet | Found a large runed translucent door.
 35232 | Gauntlet | Found a transporter.
 35232 | Gauntlet | Found a transporter.
 35232 | Gauntlet | Found a large runed translucent door.
 35232 | Gauntlet | Found a large runed translucent door.
 35232 | Gauntlet | Found a runed translucent gate.
 35232 | Gauntlet | Found a runed translucent gate.
 35232 | Gauntlet | Found a transporter.
 35233 | Gauntlet | Found a transporter.
 35236 | Gauntlet | Found a transporter.
 35236 | Gauntlet | Found a transporter.
 35246 | Gauntlet | Found a transporter.
 35247 | Gauntlet | Found a transporter.
 35251 | Gauntlet | Found a transporter.
 35251 | Gauntlet | Found a transporter.
 35261 | Gauntlet | Found a transporter.
 35264 | Gauntlet | Found a transporter.
 35340 | Gauntlet | Found a runed translucent door.
 35341 | Gauntlet | Found a large runed translucent door.
 35341 | Gauntlet | Found a large runed translucent door.
 35341 | Gauntlet | Found a large runed translucent door.
 35341 | Gauntlet | Found a large runed translucent door.
 35342 | Gauntlet | Found a large runed translucent door.
 35343 | Gauntlet | Found a large runed translucent door.
 35354 | Gauntlet | Found a large runed translucent door.
 35354 | Gauntlet | Found a large runed translucent door.
 35355 | Gauntlet | Found a runed translucent gate.
 35590 | Gauntlet | Got a transparent golden ring
 35595 | Gauntlet | Identified the ring "Yfufot" {Fire rN+ Dex+4 SInv} (You
                  | found it in a Gauntlet)
 35699 | Gauntlet | Got a brightly glowing jade ring
 35702 | Gauntlet | Identified the ring "Ragoor" {rN++ MR+ Int+2 Stlth+} (You
                  | found it in a Gauntlet)
 35926 | Orc:2    | Received a gift from Yredelemnul (a phantasmal warrior)
 36161 | Orc:2    | Received a gift from Yredelemnul (a vampire)
 36337 | Orc:2    | Learned a level 3 spell: Regeneration
 36447 | Orc:2    | Found Ramenit's Antique Armour Boutique.
 36455 | Orc:2    | Bought an embroidered scarf for 272 gold pieces
 36470 | Orc:2    | Found Vyc Gito's Antique Weapon Shoppe.
 36478 | Orc:2    | Received a gift from Yredelemnul (a phantasmal warrior)
 36549 | Orc:2    | Noticed Donald
 36564 | Orc:2    | Killed Donald
 36609 | Orc:2    | Found Etheg's Book Emporium.
 36858 | Orc:2    | Bought a book of Clouds for 495 gold pieces
 36859 | Orc:2    | Found a staircase to the Elven Halls.
 36864 | Orc:2    | Found Xail Daph's General Store.
 36872 | Orc:2    | Bought a ration for 70 gold pieces
 37270 | Orc:1    | Received a gift from Yredelemnul (a ghoul)
 37345 | Orc:1    | Found a roughly hewn altar of Beogh.
 37345 | Orc:1    | Noticed Maurice
 37365 | Orc:1    | Killed Maurice
 37971 | Shoals:1 | Entered Level 1 of the Shoals
 37971 | Shoals:1 | Noticed Josephine
 37979 | Shoals:1 | Killed Josephine
 38064 | Shoals:1 | Received a gift from Yredelemnul (a vampire)
 38933 | Shoals:2 | Received a gift from Yredelemnul (a bone dragon)
 38947 | Shoals:2 | Found a transporter.
 38950 | Shoals:2 | Found a transporter.
 38961 | Shoals:2 | Found a bloodstained altar of Trog.
 38962 | Shoals:2 | Identified the +9 trident of the Lamprey {flame, rN+ MR+
                  | Dex+4}
 38963 | Shoals:2 | Noticed namelastname112's ghost (adept DrAs)
 38972 | Shoals:2 | Identified the +3 trident of Ywnoo {drain, Dex+3}
 39008 | Shoals:2 | Reached skill level 5 in Charms
 39021 | Shoals:2 | Received a gift from Yredelemnul (a skeletal warrior)
 39632 | Shoals:3 | Found Dotaixes's Assorted Antiques.
 39648 | Shoals:3 | Reached XP level 17. HP: 97/140 MP: 28/28
 39657 | Shoals:3 | Found a hide-covered altar of Uskayaw.
 39674 | Shoals:3 | Received a gift from Yredelemnul (a phantasmal warrior)
 39716 | Shoals:3 | Bought a potion of curing for 75 gold pieces
 39716 | Shoals:3 | Bought a shimmering sapphire amulet for 125 gold pieces
 39716 | Shoals:3 | Bought a scroll of brand weapon for 500 gold pieces
 39716 | Shoals:3 | Bought a scroll of identify for 50 gold pieces
 39716 | Shoals:3 | Identified the amulet "Ofutoc" {*Slow rN+ Regen+ Dex+5
                  | Stlth+} (You bought it in a shop on level 3 of the Shoals)
 39871 | Shoals:3 | Received a gift from Yredelemnul (a skeletal warrior)
 40089 | Shoals:3 | Found Woepel's Gadget Shop.
 40275 | Shoals:3 | Found Bablonk's Magic Scroll Shoppe.
 40288 | Shoals:3 | Bought a scroll of blinking for 97 gold pieces
 40288 | Shoals:3 | Bought a scroll of identify for 26 gold pieces
 40288 | Shoals:3 | Bought a scroll of blinking for 97 gold pieces
 40288 | Shoals:3 | Bought a scroll of magic mapping for 45 gold pieces
 40288 | Shoals:3 | Bought a scroll of identify for 26 gold pieces
 40288 | Shoals:3 | Bought a scroll of identify for 26 gold pieces
 40288 | Shoals:3 | Bought a scroll of identify for 26 gold pieces
 40312 | Shoals:3 | Received a gift from Yredelemnul (a skeletal warrior)
 40824 | Shoals:4 | Entered Level 4 of the Shoals
 40970 | Shoals:4 | Got a bound golden ring
 40973 | Shoals:4 | Identified the ring of Uddyiwn {-Tele Str+3 Int+3 Dex+3
                  | Stlth+} (You found it on level 4 of the Shoals)
 41179 | Shoals:4 | Noticed Ilsuiw
 41193 | Shoals:4 | Killed Ilsuiw
 41193 | Shoals:4 | Reached skill level 10 in Shields
 41194 | Shoals:4 | Received a gift from Yredelemnul (a ghoul)
 41311 | Shoals:4 | Got a pair of slimy gloves
 41322 | Shoals:4 | Identified the cursed +0 pair of gloves of the Ditch-Digger
                  | {rElec rPois MR+} (You found it on level 4 of the Shoals)
 41495 | Shoals:4 | Got a barnacled rune of Zot
 41594 | Shoals:4 | Received a gift from Yredelemnul (a vampire knight)
 41698 | Shoals:4 | Learned a level 5 spell: Summon Forest
 41871 | Spider:1 | Entered Level 1 of the Spider Nest
 41904 | Spider:1 | Received a gift from Yredelemnul (a flayed ghost)
 41924 | Spider:1 | Noticed Rupert
 41944 | Spider:1 | Killed Rupert
 42170 | Spider:1 | Identified the Incunabulum of Earthen Changing
 42435 | Spider:1 | Received a gift from Yredelemnul (a profane servitor)
 42769 | Spider:1 | Received a gift from Yredelemnul (a ghoul)
 43827 | D:11     | You paid a toll of 5 scrolls of blinking to enter a
                  | treasure trove
 43828 | Trove    | Entered a treasure trove
 43845 | Trove    | Found the +7 great mace "Firestarter" {inner flame, rF++}
 43872 | Trove    | Got a steaming double sword
 43873 | Trove    | Identified the +5 double sword "Aloek" {flame, Int+3} (You
                  | found it in a treasure trove)
 44321 | Shoals:2 | Killed namelastname112's ghost
 44344 | Shoals:2 | Got a pair of faintly humming gloves
 44356 | Shoals:2 | Identified the cursed +0 pair of gloves of the Lich-sworn
                  | {rPois Str+5 SInv} (You found it on level 2 of the Shoals)
 44744 | Spider:2 | Received a gift from Yredelemnul (a profane servitor)
 45378 | Spider:2 | Reached skill level 10 in Spellcasting
 45447 | Spider:3 | Received a gift from Yredelemnul (a skeletal warrior)
 45464 | Spider:3 | Reached skill level 5 in Summonings
 45550 | Spider:3 | Reached XP level 18. HP: 147/147 MP: 32/32
 45681 | Spider:3 | Received a gift from Yredelemnul (a skeletal warrior)
 45978 | Spider:4 | Entered Level 4 of the Spider Nest
 45995 | Spider:4 | Received a gift from Yredelemnul (a phantasmal warrior)
 46034 | Spider:4 | Received a gift from Yredelemnul (a vampire)
 46146 | Spider:4 | Received a gift from Yredelemnul (a phantasmal warrior)
 46310 | Spider:4 | Received a gift from Yredelemnul (a vampire)
 46416 | Spider:4 | Received a gift from Yredelemnul (a flayed ghost)
 46427 | Spider:4 | Received a gift from Yredelemnul (a vampire knight)
 46453 | Spider:4 | Got a gossamer rune of Zot
 46984 | Vaults:1 | Entered Level 1 of the Vaults
 46989 | Vaults:1 | Received a gift from Yredelemnul (a vampire)
 47068 | Vaults:1 | Received a gift from Yredelemnul (a vampire)
 47299 | Vaults:1 | Reached skill level 14 in Long Blades
 47754 | Vaults:1 | Found a gateway to a bazaar.
 47766 | Vaults:1 | Received a gift from Yredelemnul (a ghoul)
 47783 | Bazaar   | Entered a bazaar
 47784 | Bazaar   | Found Hyssecvaet's Antique Armour Boutique.
 47784 | Bazaar   | Found Eblyfod's General Store.
 47874 | Bazaar   | Found Tiorgh's Armour Emporium.
 47878 | Bazaar   | Found Koafis's Assorted Antiques.
 47889 | Bazaar   | Found Imukuazu's Antique Armour Boutique.
 47895 | Bazaar   | Found Qyonki Tung's Gadget Shoppe.
 47928 | Bazaar   | Bought an embroidered cloak for 240 gold pieces
 48308 | Vaults:1 | Found a runed translucent gate.
 48308 | Vaults:1 | Found a runed translucent gate.
 48309 | Vaults:1 | Found a runed translucent gate.
 48331 | Vaults:1 | Received a gift from Yredelemnul (a profane servitor)
 48426 | Vaults:1 | Upgraded the game from 0.24-a0-513-g284f782df5 to
                  | 0.24-a0-516-g9de272bb65
 48748 | Vaults:1 | Noticed Faedia's ghost (adept GnWn)
 48909 | Vaults:1 | Reached XP level 19. HP: 146/154 MP: 34/34
 48957 | Vaults:1 | Killed Faedia's ghost
 49029 | Vaults:1 | Got a glittering lead ring
 49031 | Vaults:1 | Identified the ring "Dinoenling" {MR+ Int+3 Dex+2} (You
                  | found it on level 1 of the Vaults)
 49284 | Vaults:2 | Found Widis's Weapon Boutique.
 49396 | Vaults:2 | Received a gift from Yredelemnul (a vampire)
 50828 | Vaults:3 | Received a gift from Yredelemnul (a ghoul)
 51078 | Vaults:3 | Reached skill level 15 in Long Blades
 51234 | Vaults:3 | Slain by a vault warden

Levels and vault maps discovered:
D:1:      dpeg_arrival_radiant, layout_rooms, dk_noncrumbling_3,
          roderic_st_hans_cross, minmay_misc_feat_alley
D:2:      layout_loops_ring, minmay_diced_spiral
D:3:      minmay_diamond_boxcup, layout_basic, gammafunk_ghost_mausoleum,
          uniq_jessica, uniq_crazy_yiuf_cottage, uniq_robin, uniq_sigmund
D:4:      old_forge, layout_basic, grunt_temple_overflow_champion_of_chaos,
          serial_shops, nicolae_shop_crystal, first_ration,
          nicolae_ossuary_entry_monument
D:5:      layout_gridville, minmay_overflow_temple_star_quad, basic_altar,
          sword_in_stone, uniq_menkaure
D:6:      layout_cave_pools, uniq_edmund
D:7:      layout_basic, old_standard_altar, grunt_gozag_statues,
          minmay_temple_entry_tees, the_bakery
D:8:      layout_cave_pools, overflow_temple_1_default, lemuel_round_altar
D:9:      layout_loops_ring, erik_lair_dragon, enter_bailey_3
D:10:     layout_irregular_city, serial_glass, glass_columns_a, glass_columns_b,
          item_on_display_b, minmay_strange_pillars, minmay_strange_pillars,
          uniq_sonja, uniq_joseph, uniq_urug
D:11:     layout_gridville, orc_0_dummy, enter_trove_6, lemuel_altar_in_water
D:12:     layout_small_grid, ebering_ghost_inner_flame
D:13:     gammafunk_mikee_crab_dinner, layout_stronghold, serial_shops,
          nicolae_shop_statue_plus, serial_ice, serial_ice_g, serial_ice_l,
          serial_ice_f, serial_ice_a, portal_ice_cave_entry_pillars_2
D:14:     layout_basic, david_vaults_2, serial_shops, nicolae_shop_statue_plus,
          nicolae_shop_trees, shop, shop, grunt_dithmenos_smoke, drop_trap
D:15:     hangedman_depths_entry_civil_slaughter, layout_irregular_city,
          serial_column_ruins, column_ruins_open_tiny, column_ruins_open_small,
          column_ruins_columns_straight, column_ruins_columns_corner,
          column_ruins_columns_water, roderic_serpentine_path, uniq_kirke
Temple:   dshaligram_water_room_temple
Lair:1:   layout_cave_pods, columned_hall_lemuel, uniq_fannar
Lair:2:   layout_concentric_octagons, spider_nest_entry_a, serial_bayou_lagoon_b
Lair:3:   layout_gridlike, uniq_snorg
Lair:4:   layout_cave_pods, shoals_dummy_entry
Lair:5:   layout_big_grid, gammafunk_ghost_icy, lemuel_fruit_tree, uniq_nessos
Lair:6:   minmay_lair_end_enchanted_forest, layout_loops_ring,
          minmay_slime_entry_pillars, ebering_ghost_rock_garden, wad_woods_03
Shoals:1: layout_shoals, uniq_josephine
Shoals:2: layout_shoals, gammafunk_ghost_wrathful_warriors
Shoals:3: layout_shoals, serial_shops, nicolae_shop_overgrown_old_shop,
          nicolae_shop_trees, shop, ldierk_geyser, regret_index_shoals_crete
Shoals:4: shoals_end_grunt_ice, layout_shoals, shoals_ilsuiw_ice
Spider:1: layout_chambers, hangedman_spider_tarantella_strand, uniq_rupert
Spider:2: layout_chambers
Spider:3: layout_spider_delve, guppyfry_spider_mini_3
Spider:4: floodkiller_spider_rune_tomb
Orc:1:    layout_diamond_mine, basic_altar, serial_shops, shop_fountains,
          nicolae_orc_rich_vein, uniq_maurice
Orc:2:    grunt_orc_gardens, layout_caves, grunt_orc_garden, grunt_orc_garden,
          grunt_orc_garden, grunt_orc_garden, gauntlet_entry_generic,
          uniq_donald
Vaults:1: gammafunk_vaults_ghost_spectres, v_misc_9,
          nicolae_vaults_border_crossing, nicolae_vaults_big_angled_halls,
          v_misc_13, v_misc_25, ontoclasm_vaults_pinch, vaults_room_boxed,
          v_pattern_3, v_misc_13, nicolae_vaults_ninety_degrees,
          hangedman_vaults_slice, layout_vaults_omnibox, serial_shops,
          bzr_entry_dummy
Vaults:2: v_misc_33, v_misc_9, nicolae_vaults_little_squares_3,
          nicolae_vaults_network_barrier, nicolae_vaults_bisected_slash,
          grunt_vaults_diagonal, hangedman_vaults_capsules,
          nicolae_vaults_mini_display_case, vaults_room_pool,
          nicolae_vaults_yaktaur_gun_rack, nicolae_vaults_gold_heap,
          vaults_dpeg_encased_lava, layout_vaults_chaotic_city, serial_shops,
          shop
Vaults:3: minmay_crypt_entry_simple_statues, v_misc_5, hangedman_vaults_snaps,
          nicolae_vaults_windows_and_doors_thing, vaults_room_octagon,
          hangedman_vaults_hard_town_square, vaults_dpeg_cross,
          hangedman_vaults_hat, vaults_mumra_hexcomb, v_misc_2,
          hangedman_vaults_stretched_pinwheel, ontoclasm_vaults_twist,
          nicolae_vaults_rhombus_5, layout_vaults_big_cross

Skill      XL: |  1  2  3  4  5  6  7  8  9 10 11 12 13 14 15 16 17 18 19 |
---------------+----------------------------------------------------------+-----
Stealth        | 1 3 5 |  5.3
Dodging        | 2 3 4 5 7 9 10 11 | 11.5
Short Blades   | 2 3 4 5 |  5.0
Shields        | 2 3 4 5 8 11 12 13 | 13.3
Evocations     | 4 5 6 7 9 10 11 12 | 12.4
Long Blades    | 4 7 9 10 11 12 13 14 15 | 15.0
Invocations    | 2 5 7 9 10 | 10.3
Fighting       | 2 5 6 8 10 | 10.0
Spellcasting   | 3 4 7 10 11 12 | 12.2
Hexes          | 3 |  3.4
Summonings     | 3 5 8 9 |  9.6
Charms         | 5 8 9 |  9.2

Action                   |  1- 3 |  4- 6 |  7- 9 | 10-12 | 13-15 | 16-18 | 19-21 || total
-------------------------+-------+-------+-------+-------+-------+-------+-------++-------
Melee: Short sword       |    77 |       |       |       |       |       |       ||    77
       Tailslap          |    19 |    34 |    43 |   133 |   144 |   302 |    51 ||   726
       Dagger            |   151 |   324 |    79 |       |       |       |       ||   554
       Club              |       |     4 |       |       |       |       |       ||     4
       Long sword        |       |       |   255 |   745 |   727 |   285 |       ||  2012
       Unarmed           |       |       |     4 |       |       |       |       ||     4
       Demon blade       |       |       |       |       |       |   853 |       ||   853
       Double sword      |       |       |       |       |       |   473 |   216 ||   689
Throw: Throwing net      |       |       |       |     1 |     1 |       |       ||     2
 Cast: Regeneration      |       |       |       |       |       |    17 |     2 ||    19
Invok: Animate Dead      |       |       |       |    34 |    50 |    85 |     4 ||   173
       Drain Life        |       |       |       |       |       |     4 |       ||     4
       Recall Undead Sla |       |       |       |       |       |     5 |       ||     5
       Stop Recall       |       |       |       |       |       |     1 |       ||     1
 Abil: Breathe Fire      |       |       |    24 |    48 |    30 |    29 |     1 ||   132
       Evoke Invisibilit |       |       |       |     1 |       |       |       ||     1
       Fly               |       |       |       |       |     1 |       |       ||     1
Evoke: Wand              |       |    36 |     1 |    18 |     3 |    14 |       ||    72
       Phial of floods   |       |       |       |     1 |       |     1 |       ||     2
  Use: Scroll            |       |    10 |    13 |    20 |    17 |    20 |       ||    80
       Potion            |       |       |       |     9 |     5 |     2 |       ||    16
 Stab: Sleeping          |     1 |     1 |     1 |     2 |    17 |    37 |    15 ||    74
       Paralysed         |       |     1 |       |       |     1 |     2 |       ||     4
       Invisible         |       |       |       |     3 |       |       |       ||     3
       Distracted        |       |       |       |     1 |     6 |    28 |     8 ||    43
       Confused          |       |       |       |     1 |       |       |       ||     1
       Held in net/web   |       |       |       |       |     2 |       |       ||     2
  Eat: Chunk             |     1 |     6 |     2 |    31 |    36 |    51 |     3 ||   130
       Ration            |     1 |     1 |     6 |     8 |     8 |     8 |     2 ||    34
Armor: Skin              |    81 |    76 |   107 |   238 |   270 |   298 |    23 ||  1093
Dodge: Dodged            |   158 |   177 |   274 |   558 |   462 |   927 |    68 ||  2624
       Deflected         |       |       |       |       |       |    32 |     2 ||    34
Block: Buckler           |       |    30 |    91 |   191 |   172 |   149 |       ||   633
       Shield            |       |       |       |       |       |   902 |   156 ||  1058
       Reflection        |       |       |       |       |       |    33 |    14 ||    47
       Rpst.: Long sword |       |       |    56 |   127 |   121 |    52 |       ||   356
       Demon blade       |       |       |       |       |       |    81 |       ||    81
       Double sword      |       |       |       |       |       |    66 |    12 ||    78

Table legend:
 A = Non-vault XP
 B = Vault XP
 C = Vault XP percentage of total XP
 D = Non-vault monster count
 E = Vault monster count
 F = Vault count percentage of total count
                 A         B        C        D         E       F
            +---------+---------+-------+---------+---------+-------
      Total |  210908 |  171704 |  44.9 |     951 |     540 |  36.2
            +---------+---------+-------+---------+---------+-------
        D:1 |      49 |       0 |   0.0 |      29 |       0 |   0.0
        D:2 |      31 |       8 |  20.5 |       9 |       5 |  35.7
        D:3 |     145 |     604 |  80.6 |      30 |      25 |  45.5
        D:4 |     351 |     327 |  48.2 |      11 |      17 |  60.7
        D:5 |     453 |     616 |  57.6 |      13 |       6 |  31.6
        D:6 |     447 |     162 |  26.6 |       9 |       1 |  10.0
        D:7 |     394 |     215 |  35.3 |      10 |       1 |   9.1
        D:8 |    1561 |       0 |   0.0 |      26 |       0 |   0.0
        D:9 |    3140 |     677 |  17.7 |      39 |       9 |  18.8
       D:10 |    1474 |    1938 |  56.8 |      14 |       3 |  17.6
       D:11 |    4200 |       0 |   0.0 |      37 |       0 |   0.0
       D:12 |     826 |    1275 |  60.7 |      12 |       2 |  14.3
       D:13 |    5765 |   13626 |  70.3 |      36 |      24 |  40.0
       D:14 |   12722 |    2806 |  18.1 |      41 |       3 |   6.8
       D:15 |    5205 |    6018 |  53.6 |      16 |      10 |  38.5
     Lair:1 |     921 |     883 |  48.9 |       3 |       1 |  25.0
     Lair:2 |    3038 |     718 |  19.1 |      12 |       3 |  20.0
     Lair:3 |    4288 |    1140 |  21.0 |      18 |       1 |   5.3
     Lair:4 |    5188 |       0 |   0.0 |      26 |       0 |   0.0
     Lair:5 |    7146 |    1257 |  15.0 |      29 |       1 |   3.3
     Lair:6 |   10967 |    9325 |  46.0 |      45 |      53 |  54.1
   Shoals:1 |    5380 |    2163 |  28.7 |      18 |       6 |  25.0
   Shoals:2 |    9793 |    6062 |  38.2 |      26 |       7 |  21.2
   Shoals:3 |   12711 |    5338 |  29.6 |      38 |      14 |  26.9
   Shoals:4 |    5954 |   16928 |  74.0 |      16 |      36 |  69.2
   Spider:1 |   10291 |    2078 |  16.8 |      37 |       2 |   5.1
   Spider:2 |    8407 |       0 |   0.0 |      32 |       0 |   0.0
   Spider:3 |   11714 |    1077 |   8.4 |      50 |       7 |  12.3
   Spider:4 |    7880 |   20913 |  72.6 |      37 |      70 |  65.4
      Orc:1 |    8019 |     503 |   5.9 |      54 |       1 |   1.8
      Orc:2 |    2684 |   11186 |  80.6 |      28 |      28 |  50.0
   Vaults:1 |   28823 |   26225 |  47.6 |      72 |      50 |  41.0
   Vaults:2 |   17489 |    7197 |  29.2 |      42 |      14 |  25.0
   Vaults:3 |   13452 |   12300 |  47.8 |      36 |      26 |  41.9
    Ossuary |       0 |     150 | 100.0 |       0 |      15 | 100.0
     Bailey |       0 |    3266 | 100.0 |       0 |      38 | 100.0
      IceCv |       0 |   10798 | 100.0 |       0 |      50 | 100.0
   Gauntlet |       0 |    3925 | 100.0 |       0 |      11 | 100.0
            +---------+---------+-------+---------+---------+-------
